 Dungeon Crawl Stone Soup version 0.31-a0-1008-g5b978dac0e (webtiles) character file.

Game seed: 13481560245802336022

3227 Queen the Covert (level 9, -20/43 HPs)
             Began as a Vampire Necromancer on Nov 13, 2023.
             Was a Priest of Hepliaklqana.
             Demolished by a merfolk
             ... wielding a +0 trident
              (22 damage)
             ... on level 8 of the Dungeon.
             The game lasted 00:34:35 (11893 turns).

Queen the Covert (Vampire Necromancer)             Turns: 11893, Time: 00:34:36

Health: -20/43     AC:  6    Str: 13    XL:     9   Next: 66%
Magic:  3/17       EV: 14    Int: 22    God:    Hepliaklqana [***...]
Gold:   263        SH:  0    Dex: 14    Spells: 1/19 levels left

rFire   . . .        a - +0 dagger (venom)
rCold   + + .        (no shield)
rNeg    + + +        H - +0 leather armour {rPois}
rPois   ∞            G - +0 helmet
rElec   .            (no cloak)
rCorr   .            (no gloves)
SInv    +            A - +1 pair of boots
Will    .....        (no amulet)
Stlth   ++++++       o - +6 ring of strength
HPRegen 0.00/turn    (no ring)
MPRegen 0.15/turn

%: no passive effects
@: about to teleport, animating dead, bloodless, inhibited regen
A: reduced essence, bloodless, fangs 3, see invisible, vampiric 2
a: Bat Form, Revivify, Renounce Religion, Recall Ancestor, Ancestor Identity,
Transference


You were on level 8 of the Dungeon.
You worshipped Hepliaklqana.
Hepliaklqana was most pleased with you.
You visited 2 branches of the dungeon, and saw 9 of its levels.
You also visited: Ossuary.

You collected 353 gold pieces.
You spent 90 gold pieces at shops.

Inventory:

Hand Weapons
 a - a +0 dagger of venom (weapon)
 b - a +0 short sword of freezing
Missiles
 y - 2 throwing nets
Armour
 A - a +1 pair of boots (worn)
 F - a +2 ring mail of poison resistance
 G - a +0 helmet (worn)
 H - a +0 leather armour of poison resistance (worn)
Jewellery
 o - a +6 ring of strength (left hand)
Wands
 j - a wand of polymorph (7)
Scrolls
 c - 2 scrolls of brand weapon {unknown}
 d - 3 scrolls of torment
 e - 5 scrolls of teleportation
 g - 2 scrolls of immolation {unknown}
 h - 6 scrolls of amnesia
 i - a scroll of enchant armour {unknown}
 k - 2 scrolls of fog {unknown}
 q - a scroll of fear {unknown}
 r - 4 scrolls of enchant weapon
 u - a scroll of revelation {unknown}
 v - a scroll of noise {unknown}
 w - 2 scrolls of poison {unknown}
 B - 2 scrolls of vulnerability {unknown}
Potions
 f - a potion of mutation
 l - a potion of ambrosia
 m - 4 potions of curing
 n - a potion of might
 p - 2 potions of haste
 s - 3 potions of invisibility
 t - a potion of berserk rage {unknown}
 x - a potion of magic
 z - 2 potions of brilliance
 C - a potion of heal wounds {unknown}
 D - a potion of lignification {unknown}
 E - a potion of enlightenment {unknown}


   Skills:
 + Level 2.9 Fighting
 + Level 6.1 Short Blades
 + Level 6.9 Dodging
 + Level 9.9 Stealth
 + Level 5.6 Spellcasting
 + Level 7.8 Necromancy


You had one spell level left.
You knew the following spells:

 Your Spells              Type           Power      Damage    Failure   Level
a - Necrotise             Necr           100%       1d9       1%          1
b - Kiss of Death         Conj/Necr      92%        2d12      2%          1
c - Vampiric Draining     Necr           40%        2d8       1%          3
d - Animate Dead          Necr           40%        N/A       4%          4
e - Dispel Undead         Necr           40%        3d16      4%          4
f - Agony                 Necr           40%        N/A       13%         5

Your spell library contained the following spells:

 Spells                   Type           Power      Damage    Failure   Level
 Sting                    Tmut/Pois      24%        1d4       12%         1
 Poisonous Vapours        Pois/Air       12%        N/A       19%         2
 Confusing Touch          Hex            6%         N/A       36%         3
 Frozen Ramparts          Ice            12%        1d2       36%         3
 Hailstorm                Conj/Ice       6%         3d4       36%         3
 Olgreb's Toxic Radiance  Pois           6%         N/A       77%         4
 Petrify                  Tmut/Erth      6%         N/A       77%         4
 Summon Ice Beast         Ice/Summ       6%         N/A       77%         4
 Metabolic Englaciation   Hex/Ice        3%         N/A       98%         5
 Simulacrum               Ice/Necr       11%        N/A       98%         6


Dungeon Overview and Level Annotations

Branches:
Dungeon (8/15)             Temple (1/1) D:5         Ossuary (visited)
   Lair: D:8-11

Altars:
Ashenzari
Cheibriados
Dithmenos
Fedhas
Gozag
Hepliaklqana
Kikubaaqudgha
Makhleb
Nemelex Xobeh
Qazlal
Sif Muna
Trog
Uskayaw
Wu Jian
Xom
Yredelemnul

Annotations:
D:2 exclusion: downstairs
D:4 3 runed translucent doors, exclusion: 3 doors, kskgo's ghost, amateur DjFE


Innate Abilities, Weirdness & Mutations

Your life essence is reduced to manifest your ancestor. (-10% HP)
You do not regenerate when monsters are visible.
You are frail without blood (-20% HP).
You can heal yourself when you bite living creatures.
You are immune to poison.
You have razor-sharp teeth.
You have supernaturally acute eyesight. (SInv)
You are afflicted with vampirism and can become a bat while bloodless.


Message History

Aim: a merfolk, wielding a +0 trident You draw life force from the merfolk!
You feel life coursing into your body.
The gnoll hits you from afar with a +0 halberd!
Something hits your gnoll zombie! Something kicks your gnoll zombie.
Your gnoll zombie closely misses the gnoll.
Casting: Vampiric Draining (safe; 1% risk of failure)
Confirm with . or Enter, or press ? or * to list all spells.
You don't have enough magic to cast this spell.
As you read the scroll of teleportation, it crumbles to dust.
You feel strangely unstable.
Something barely misses your gnoll zombie.
Something kicks your gnoll zombie.
An arrow appears from out of your range of vision.
Atia blocks the arrow.
The gnoll misses you. The merfolk closely misses you.
Atia blocks something's attack. x2
Casting: Vampiric Draining (safe; 1% risk of failure)
Confirm with . or Enter, or press ? or * to list all spells.
You don't have enough magic to cast this spell.
You hit the merfolk.
The merfolk is poisoned.
You bite the merfolk, but do no damage.
The merfolk is lightly wounded.
An arrow appears from out of your range of vision.
The arrow hits your gnoll zombie!
Your gnoll zombie is destroyed!
The gnoll barely misses you. The merfolk barely misses you.
Something hits Atia!
Atia blocks something's attack.
You hit the merfolk.
The merfolk looks as sick as possible!
The merfolk is moderately wounded.
An arrow appears from out of your range of vision.
The arrow closely misses Atia.
The arrow closely misses the gnoll.
The gnoll completely misses you.
Something closely misses Atia.
Something barely misses Atia.
Atia hits the gnoll with a +0 flail!
The gnoll dies!
The merfolk hits you with a +0 trident!!
* * * LOW HITPOINT WARNING * * *
An arrow appears from out of your range of vision.
The arrow barely misses Atia.
The merfolk hits you from afar with a +0 trident!!
Ouch! That really hurt!
You die...

...#.######## .#.#)# #. ..#
Z..#.# #.#.###..# .#.#.#
#.#.....~ ...Z.# #.#....~~
.#..Z#### #....~~# .#...Z..#
#...~######### ##.#†##.#
###...##.#.#.#.# #
##^#.##.####....@##.#.#.#.#.#m#.
##.#.##.Z........#c..........g.c.
##.#.#######....)m)R..)..).......
##.#...........).#..............}
##.######........##.#.#.#.#.#.#.#
##. #........##.#.#.#.#.#.# # #
#........)########### # #
####......#.~~##############
..............~≈≈≈≈≈≈≈≈≈≈≈≈≈


You could see a merfolk (extremely poisoned).

Vanquished Creatures
  2 water moccasins
  An orc warrior (D:7)
  A sky beast (D:7)
  3 ogres
  2 centaurs
  2 kobold brigands
  A bullfrog (D:8)
  2 scorpions
  9 killer bees
  A howler monkey (D:4)
  3 orc priests
  A gnoll bouda (D:4)
  2 hounds
  A jelly (D:7)
  Natasha (thrice) (D:4)
  2 iguanas
  2 orc wizards
  7 mummies (Ossuary)
  6 gnolls
  7 adders
  A shadow imp (D:4)
  3 dart slugs
  27 orcs
  3 ball pythons
  An endoplasm (D:3)
  2 giant cockroaches
  6 hobgoblins
  4 quokkas
  6 bats
  3 frilled lizards
  3 gnoll skeletons (Ossuary)
  4 goblins
  2 goblin skeletons (Ossuary)
  9 kobolds
  A kobold skeleton (Ossuary)
  An orc skeleton (D:4)
  3 rats (D:1)
  8 rat skeletons (Ossuary)
  A spectral goblin (D:3)
146 creatures vanquished.

Vanquished Creatures (collateral kills)
  A black bear (D:5)
  An ice beast (D:7)
  An ogre (D:7)
  A bullfrog (D:7)
  2 scorpions (D:5)
  A killer bee (D:8)
  2 howler monkeys (D:5)
  A hound (D:4)
  2 orc priests (D:7)
  A gnoll bouda (D:6)
  A human zombie (D:4)
  2 human skeletons (D:4)
  5 mummies (Ossuary)
  11 gnolls
  2 adders
  A white imp (D:7)
  8 orcs
  A bat (D:1)
  3 giant cockroaches (D:4)
  4 kobolds
  A kobold skeleton (Ossuary)
  3 orc skeletons
  A rat (D:1)
  3 rat skeletons (Ossuary)
59 creatures vanquished.

Vanquished Creatures (others)
  A knight (D:5)
  3 ancestors
  5 gnoll zombies (D:8)
  7 orc zombies
16 creatures vanquished.

Grand Total: 221 creatures vanquished

Notes
Turn   | Place    | Note
-------+----------+-------------------------------------------
     0 | D:1      | Queen the Vampire Necromancer began the quest for the Orb.
     0 | D:1      | Reached XP level 1. HP: 13/13 MP: 3/3
   157 | D:1      | Reached XP level 2. HP: 19/19 MP: 5/5
   552 | D:1      | Learned a level 1 spell: Kiss of Death
  1250 | D:2      | Gained mutation: You are afflicted with vampirism and can
                  | become a bat while bloodless. [Vampire growth]
  1250 | D:2      | Reached XP level 3. HP: 23/23 MP: 4/6
  1467 | D:2      | Learned a level 3 spell: Vampiric Draining
  1592 | D:2      | Reached skill level 4 in Stealth
  2621 | D:3      | Noticed an ogre
  2671 | D:3      | Reached skill level 5 in Necromancy
  2671 | D:3      | Reached XP level 4. HP: 30/30 MP: 1/7
  2860 | D:3      | Found a snail-covered altar of Cheibriados.
  2877 | D:3      | Reached skill level 1 in Short Blades
  3009 | D:3      | Found a faded altar of an unknown god.
  3029 | D:3      | Prayed at the altar of an unknown god.
  3029 | D:3      | Became a worshipper of Hepliaklqana the Forgotten
  3029 | D:3      | Reached * piety under Hepliaklqana
  3188 | D:3      | Killed an ogre
  3189 | D:3      | Reached skill level 5 in Stealth
  3189 | D:3      | Reached XP level 5. HP: 26/31 MP: 1/9
  3651 | D:3      | Found a snail-covered altar of Cheibriados.
  4013 | D:3      | Found a hazy altar of Hepliaklqana.
  4055 | D:4      | Noticed an ogre
  4059 | D:4      | Killed an ogre
  4060 | D:4      | Reached XP level 6. HP: 21/36 MP: 3/10
  4300 | D:4      | Found a sand-covered staircase.
  4314 | Ossuary  | Entered an ossuary
  4768 | Ossuary  | Reached skill level 6 in Stealth
  4787 | Ossuary  | Reached XP level 7. HP: 11/32 MP: 12/12
  5231 | D:4      | Found a runed translucent gate.
  5232 | D:4      | Found a runed translucent gate.
  5233 | D:4      | Found a runed translucent gate.
  5233 | D:4      | Found an opulent altar of Gozag.
  5240 | D:4      | Noticed kskgo's ghost (amateur DjFE)
  5636 | D:4      | Noticed Natasha
  5643 | D:4      | Killed Natasha
  5862 | D:3      | Found a snail-covered altar of Cheibriados.
  6137 | D:3      | Found a hazy altar of Hepliaklqana.
  6434 | D:4      | Noticed Natasha
  6438 | D:4      | Killed Natasha
  6640 | D:4      | Noticed Natasha
  6645 | D:4      | Killed Natasha
  7261 | D:5      | Entered Level 5 of the Dungeon
  7348 | D:5      | Reached ** piety under Hepliaklqana
  7350 | D:5      | Remembered your ancestor Atia as a knight
  7356 | D:5      | Found a staircase to the Ecumenical Temple.
  7372 | D:5      | Reached skill level 7 in Stealth
  7379 | D:5      | Reached skill level 5 in Dodging
  7416 | D:5      | Reached XP level 8. HP: 7/36 MP: 0/14
  7525 | Temple   | Entered the Ecumenical Temple
  7596 | D:5      | Found a basalt altar of Yredelemnul.
  7703 | D:5      | Learned a level 4 spell: Animate Dead
  7708 | D:5      | Learned a level 4 spell: Dispel Undead
  7940 | D:5      | Reached skill level 8 in Stealth
  8052 | D:5      | Found a basalt altar of Yredelemnul.
  8261 | D:5      | Found a staircase to the Ecumenical Temple.
  8484 | D:6      | Found a sparkling altar of Nemelex Xobeh.
  8486 | D:6      | Found an ancient bone altar of Kikubaaqudgha.
  8530 | D:6      | Noticed a +0 falchion
  8530 | D:6      | Noticed a +0 falchion
  8531 | D:6      | Noticed a +0 short sword
  8533 | D:6      | Noticed a +0 short sword
  8533 | D:6      | Noticed a +0 spear
  8533 | D:6      | Noticed a +0 dagger
  8534 | D:6      | Noticed a +0 dagger
  8534 | D:6      | Noticed a +0 spear
  8541 | D:6      | Found a hide-covered altar of Uskayaw.
  8757 | D:6      | Found a hazy altar of Hepliaklqana.
  8913 | D:6      | Found an ancient bone altar of Kikubaaqudgha.
  8929 | D:6      | Found a sparkling altar of Nemelex Xobeh.
  9096 | D:6      | Found a hide-covered altar of Uskayaw.
  9225 | D:6      | Found a hazy altar of Hepliaklqana.
  9456 | D:7      | Reached skill level 1 in Fighting
  9456 | D:7      | Reached skill level 5 in Short Blades
  9485 | D:6      | Reached skill level 5 in Spellcasting
  9823 | D:7      | Reached XP level 9. HP: 33/47 MP: 13/16
  9882 | D:7      | Reached skill level 9 in Stealth
 10259 | D:7      | Found a bloodstained altar of Trog.
 11300 | D:8      | Found Zin's Purification Station.
 11308 | D:8      | Bought a potion of curing for 90 gold pieces
 11480 | D:8      | Learned a level 5 spell: Agony
 11503 | D:8      | Reached *** piety under Hepliaklqana
 11872 | D:8      | Noticed a merfolk
 11892 | D:8      | HP: 2/43 [merfolk/+0 trident (19)]
 11893 | D:8      | Demolished by a merfolk

Illustrated notes

Levels and vault maps discovered:
D:1:      dpeg_arrival_rhombus, layout_basic, st_stairs_11, minmay_bisected
D:2:      layout_basic
D:3:      layout_loops_ring, mainiacjoe_overflow_concentric_impassable,
          dreamdust_ecumenical_altar_drowned_temple
D:4:      layout_basic, nicolae_ossuary_entry_catacombs, gup_sewer_entry_glass,
          ebering_ghost_gozag, nrook_mini_backslash, uniq_natasha
D:5:      layout_cave_pools, mainiacjoe_overflow_cross_hatched,
          minmay_temple_entry_water_ring
D:6:      layout_rooms, nemelex_xobeh_ov_fountains_minmay,
          mainiacjoe_overflow_brackets, mainiacjoe_overflow_chevrons,
          nicolae_uskayaw_en_pointe, mainiacjoe_overflow_small_starburst
D:7:      layout_basic, nicolae_overflow_hidden_temple
D:8:      layout_basic, zin_purify, serial_shops,
          nicolae_shop_pleasant_corner_grove, roadster_trireme
Temple:   hellmonk_temple_beads

Skill      XL: |  1  2  3  4  5  6  7  8  9 |
---------------+----------------------------+-----
Stealth        | 4 5 6 7 8 9 |  9.9
Dodging        | 3 4 5 6 |  6.9
Necromancy     | 5 6 7 |  7.8
Short Blades   | 1 2 4 5 6 |  6.1
Spellcasting   | 3 4 5 |  5.6
Fighting       | 1 2 |  2.9

Action                     |  1- 3 |  4- 6 |  7- 9 || total
---------------------------+-------+-------+-------++-------
  Melee: Unarmed           |     7 |       |       ||     7
         Dagger            |    27 |   155 |    87 ||   269
         Bite              |     1 |    27 |    14 ||    42
         Punch             |       |     4 |     4 ||     8
         Short sword       |       |       |    27 ||    27
   Cast: Necrotise         |    50 |    29 |   111 ||   190
         Kiss of Death     |     2 |     1 |     5 ||     8
         Vampiric Draining |       |     5 |    29 ||    34
         Animate Dead      |       |       |     5 ||     5
 Invoke: Ancestor Identity |       |     1 |       ||     1
         Ancestor Life: Kn |       |       |     1 ||     1
Ability: Exsanguinate      |       |     1 |     1 ||     2
         End Transformatio |       |     1 |       ||     1
         Bat Form          |       |     1 |       ||     1
         Revivify          |       |       |     1 ||     1
    Use: Scroll            |       |       |    13 ||    13
   Stab: Sleeping          |    10 |     9 |     9 ||    28
         Distracted        |       |     2 |       ||     2
 Armour: Robe              |    25 |    42 |    16 ||    83
         Leather armour    |       |       |    72 ||    72
  Dodge: Dodged            |    27 |    56 |   119 ||   202

Table legend: (Time is in decaauts)
 A = Elapsed time spent in this place.
 B = Non-inter-level travel time spent in this place.
 C = Inter-level travel time spent in this place.
 D = Time resting spent in this place.
 E = Time spent auto-exploring this place.
 F = Levels seen in this place.
 G = Mean time per level.
                   A        B        C        D        E       F      G
               +--------+--------+--------+--------+--------+-----+--------+
         Total |  11872 |  11495 |    377 |   1761 |   7987 |  10 | 1187.2 |
       Dungeon |  11013 |  10636 |    377 |   1403 |   7810 |   8 | 1376.6 |
        Temple |      1 |      1 |      0 |      0 |      0 |   1 |    1.0 |
       Ossuary |    857 |    857 |      0 |    358 |    177 |   1 |  857.0 |
               +--------+--------+--------+--------+--------+-----+--------+

Top non-repeatable levels by time:
     D:3: 2216 daAuts
     D:7: 1753 daAuts
     D:4: 1669 daAuts
     D:2: 1272 daAuts
     D:1: 1234 daAuts
     D:5: 1170 daAuts
     D:6: 937 daAuts
 Ossuary: 857 daAuts
     D:8: 757 daAuts
  Temple: 1 daAuts
